 Dungeon Crawl Stone Soup version 0.31-a0-329-g52107efa6a (webtiles) character file.

Game seed: 2941204183232558883

257 BritishOli the Trooper (level 5, -4/42 HPs)
             Began as a Demonspawn Fighter on July 16, 2023.
             Slain by a scorpion (5 damage)
             ... on level 4 of the Dungeon on July 19, 2023.
             The game lasted 00:05:01 (2763 turns).

BritishOli the Trooper (Demonspawn Fighter)         Turns: 2763, Time: 00:05:03

Health: -4/42      AC: 11    Str: 18    XL:     5   Next: 93%
Magic:  5/5        EV: 14    Int: 10    God:
Gold:   162        SH:  8    Dex: 12    Spells: 4/4 levels left

rFire   . . .        a - +0 long sword
rCold   . . .        c - +0 buckler
rNeg    . . .        b - +0 scale mail
rPois   .            (helmet restricted)
rElec   .            (no cloak)
rCorr   .            (no gloves)
SInv    .            (no boots)
Will    .....        (no amulet) Stlth
                     h - +5 ring of evasion
HPRegen 0.27/turn    (no ring)
MPRegen 0.09/turn

%: no passive effects
@: no status effects
A: antennae 1, icemail 1, condensation shield
a: no special abilities


You were on level 4 of the Dungeon.
You visited 1 branch of the dungeon, and saw 4 of its levels.

You collected 162 gold pieces.

Inventory:

Hand Weapons
 a - a +0 long sword (weapon)
Armour
 b - a +0 scale mail (worn)
 c - a +0 buckler (worn)
Jewellery
 h - a +5 ring of evasion (left hand)
Scrolls
 f - 3 scrolls of vulnerability {unknown}
 g - 2 scrolls of teleportation
 i - a scroll of revelation {unknown}
 k - a scroll of enchant weapon {unknown}
 n - a scroll of fear {unknown}
 o - a scroll of poison {unknown}
 p - 2 scrolls of identify {unknown}
 r - 2 scrolls of enchant armour {unknown}
 s - a scroll of immolation {unknown}
Potions
 d - a potion of might
 e - 3 potions of curing
 j - a potion of mutation {unknown}
 l - a potion of ambrosia {unknown}
 m - a potion of attraction {unknown}
 q - a potion of degeneration {unknown}
 t - 2 potions of lignification {unknown}


   Skills:
 + Level 4.1 Fighting
 * Level 3.3 Long Blades
 + Level 3.8 Armour
 + Level 0.6 Dodging
 - Level 3.6 Shields


You had 4 spell levels left.
You didn't know any spells.
Your spell library was empty.

Dungeon Overview and Level Annotations

Branches:
Dungeon (4/15)
 Temple: D:4-7

Altars:
Dithmenos
Sif Muna

Shops:
D:3 =[

Annotations:
D:4 Eustachio, Ijyb


Innate Abilities, Weirdness & Mutations

You have a pair of small antennae on your head.
A meltable icy envelope protects you from harm. (AC +4)
A meltable shield of frost defends you. (SH +4)


Message History

Eustachio blinks!
The scorpion stings you.
The scorpion stings you but does no damage. x2
The scorpion attacks as you move away! The scorpion closely misses you.
The scorpion attacks as you move away! The scorpion closely misses you.
The scorpion attacks as you move away! You block the scorpion's attack. x2
The scorpion attacks as you move away! You block the scorpion's attack.
The scorpion attacks as you move away! The scorpion stings you.
You are poisoned.
The scorpion poisons you!
You feel very sick. The scorpion stings you.
* * * LOW HITPOINT WARNING * * *
You feel sick.
Items here: ( ) ††.
You feel sick.
Level annotation: Eustachio, Ijyb Welcome back, BritishOli the Demonspawn Fighter.
Press ? for a list of commands and other information.
Okay, then.
You hit the scorpion.
The scorpion is heavily wounded.
You feel sick. The scorpion stings you.
* * * LOW HITPOINT WARNING * * *
You barely miss the scorpion.
The scorpion is heavily wounded.
* * * LOW HITPOINT WARNING * * *
You feel sick.
The scorpion stings you but does no damage.
The scorpion barely misses you.
You closely miss the scorpion.
The scorpion is heavily wounded.
* * * LOW HITPOINT WARNING * * *
You feel sick. The scorpion misses you.
You hit the scorpion but do no damage.
The scorpion is heavily wounded.
* * * LOW HITPOINT WARNING * * *
You feel sick.
You are no longer poisoned.
The scorpion stings you.
You die...

.........### ## #
........... .#
..§......# .#
.........## .#
#.######..# ##.# ##
#..# ... ... ####.##
..# #.. ####.@ss#
### ###..###....####
.. ...........## ##
######.>#.#
######.).###.#.#
#....#.#.###.#.#
#.##.#.......#.#
#.##................
..##................


You could see 2 scorpions.

Vanquished Creatures
  A scorpion (D:4)
  Jessica (D:3)
  3 orc wizards
  4 adders
  A worm (D:2)
  10 orcs
  3 ball pythons
  5 bats
  3 endoplasms
  3 giant cockroaches
  6 goblins
  4 hobgoblins
  A frilled lizard (D:1)
  3 kobolds
  2 rats (D:1)
50 creatures vanquished.

Notes
Turn   | Place    | Note
-------+----------+-------------------------------------------
     0 | D:1      | BritishOli the Demonspawn Fighter began the quest for the
                  | Orb.
     0 | D:1      | Reached XP level 1. HP: 18/18 MP: 1/1
   211 | D:1      | Gained mutation: A meltable shield of frost defends you.
                  | (SH +4) [demonic ancestry]
   211 | D:1      | Reached XP level 2. HP: 24/24 MP: 2/2
   769 | D:2      | Reached XP level 3. HP: 26/29 MP: 3/3
   872 | D:2      | Identified the +9 dagger of the Endless Friars {flame, rF+}
  1359 | D:3      | Found Pirit Heqa's Armour Shoppe.
  1405 | D:3      | Found a shadowy altar of Dithmenos.
  1701 | D:3      | Found Zorinor's Jewellery Boutique.
  1723 | D:3      | Gained mutation: You have a pair of small antennae on your
                  | head. [demonic ancestry]
  1723 | D:3      | Reached XP level 4. HP: 34/35 MP: 4/4
  1727 | D:3      | Upgraded the game from 0.31-a0-278-g485e682e34 to
                  | 0.31-a0-313-g785cd24033
  1880 | D:3      | Noticed Jessica
  1886 | D:3      | Found a shimmering blue altar of Sif Muna.
  1899 | D:3      | Killed Jessica
  2058 | D:4      | Noticed Ijyb
  2061 | D:4      | Noticed Eustachio
  2205 | D:4      | Gained mutation: A meltable icy envelope protects you from
                  | harm. (AC +4) [demonic ancestry]
  2205 | D:4      | Reached XP level 5. HP: 21/42 MP: 5/5
  2210 | D:4      | HP: 2/42 [something (4)]
  2249 | D:4      | Reached skill level 4 in Fighting
  2760 | D:4      | Upgraded the game from 0.31-a0-313-g785cd24033 to
                  | 0.31-a0-329-g52107efa6a
  2762 | D:4      | HP: 1/42 [poisoned by a scorpion]
  2763 | D:4      | Slain by a scorpion

Illustrated notes

Levels and vault maps discovered:
D:1:      spicycebolla_arrival_ecumenical, layout_loops_ring, minivault_24,
          minmay_pentomino_q2
D:2:      layout_rooms, serial_aquarium, aquarium_bridge_straight
          [aquarium_subvault_bridge, aquarium_subvault_window,
          aquarium_subvault_bridge, aquarium_subvault_balcony],
          aquarium_bridge_square [aquarium_subvault_wall,
          aquarium_subvault_wall, aquarium_subvault_bridge,
          aquarium_subvault_balcony], aquarium_window_3, aquarium_window_corner,
          aquarium_view_2e, aquarium_balcony_5a
D:3:      layout_loops_ring, tgw_sif, nicolae_dithmenos_the_darkroom,
          serial_shops, nicolae_shop_stone, shop
D:4:      old_forge, layout_basic, uniq_ijyb, uniq_eustachio

Skill      XL: |  1  2  3  4  5 |
---------------+----------------+-----
Long Blades    | 2 3 |  3.3
Armour         | 3 |  3.8
Shields        | 3 |  3.6
Fighting       | 4 |  4.1
Dodging        | |  0.6

Action                     |  1- 3 |  4- 6 || total
---------------------------+-------+-------++-------
  Melee: Long sword        |   108 |   138 ||   246
    Use: Scroll            |       |     1 ||     1
         Potion            |       |     1 ||     1
 Armour: Scale mail        |    57 |    59 ||   116
  Dodge: Dodged            |    47 |    57 ||   104
  Block: Buckler           |    47 |    50 ||    97

Table legend: (Time is in decaauts)
 A = Elapsed time spent in this place.
 B = Non-inter-level travel time spent in this place.
 C = Inter-level travel time spent in this place.
 D = Time resting spent in this place.
 E = Time spent auto-exploring this place.
 F = Levels seen in this place.
 G = Mean time per level.
                   A        B        C        D        E       F      G
               +--------+--------+--------+--------+--------+-----+--------+
         Total |   2838 |   2689 |    149 |    123 |   1966 |   4 |  709.5 |
       Dungeon |   2838 |   2689 |    149 |    123 |   1966 |   4 |  709.5 |
               +--------+--------+--------+--------+--------+-----+--------+

Top non-repeatable levels by time:
     D:3: 800 daAuts
     D:2: 700 daAuts
     D:4: 679 daAuts
     D:1: 658 daAuts
